|
||||||||||||||||||||||||||||||||||||||||||||||||||||||||||||||||||||||||||||||||||||||||||||||||||||||||||||||||||||||||||||||||||||||||||||||||
| ||||||||||||||||||||||||||||||||||||||||||||||||||||||||||||||||||||||||||||||||||||||||||||||||||||||||||||||||||||||||||||||||||||||||||||||||
Bottom of the 5th over - 1 run, 1 hit, 0 errors, 0 left on base; Frederick 4 - Lake Elsinore 2 |
TOP OF THE 6TH | |
---|---|
Frederick Keys batting - Pitching for Lake Elsinore Storm : RHP Roger Watkins | |
Batting: RHB Jeremy Sipe |
0-0: Ball 1-0: Swinging Strike 1-1: Called Strike 1-2: Foul Ball, location: 2F 1-2: Strikes out swinging |
Pitching: LHP Manny Santiago | |
Batting: SHB Jorge Brito |
0-0: Called Strike 0-1: Foul Ball, location: 2F 0-2: Foul Ball, location: 2F 0-2: Ball 1-2: Ball 2-2: Foul Ball, location: 2F 2-2: Hit by Pitch |
Batting: LHB Tomas de Zeeuw |
0-0: Ground out 5-3 (Groundball, 56, EV 101.9 MPH) Jorge Brito to second |
Batting: RHB Antonio Gamez | 0-0: Fly out, F5 (Line Drive, 5, EV 75.6 MPH) |
Top of the 6th over - 0 runs, 0 hits, 0 errors, 1 left on base; Frederick 4 - Lake Elsinore 2 |
BOTTOM OF THE 6TH | |
---|---|
Lake Elsinore Storm batting - Pitching for Frederick Keys : LHP Luis Perez | |
Batting: SHB Yutaro Takahashi |
0-0: Ball 1-0: Fly out, F7 (Flyball, 78S, EV 94.4 MPH) |
Batting: RHB Bryan Pitcher |
0-0: Ball 1-0: Called Strike 1-1: Foul Ball, location: 2F 1-2: Fly out, F7 (Line Drive, 7D, EV 96.2 MPH) |
Batting: LHB Carlos Cuellar |
0-0: Called Strike 0-1: Called Strike 0-2: Foul Ball, location: 2F 0-2: SINGLE (Groundball, 4S, EV 63.8 MPH) (infield hit) |
Batting: RHB Brian DeVoe |
0-0: Called Strike 0-1: Ball 1-1: Ball 2-1: Foul Ball, location: 2F 2-2: Foul Ball, location: 2F 2-2: Strikes out swinging |
Bottom of the 6th over - 0 runs, 1 hit, 0 errors, 1 left on base; Frederick 4 - Lake Elsinore 2 |
TOP OF THE 7TH | |
---|---|
Frederick Keys batting - Pitching for Lake Elsinore Storm : LHP Manny Santiago | |
Batting: SHB Jared Boyce |
0-0: Ball 1-0: Ball 2-0: Foul Ball, location: 2F 2-1: Foul Ball, location: 2F 2-2: Foul Ball, location: 2F 2-2: Strikes out swinging |
Batting: RHB Tony Godley | 0-0: Fly out, F9 (Flyball, 9LS, EV 98.1 MPH) |
Batting: LHB Shane Free |
0-0: Ball 1-0: Ball 2-0: Called Strike 2-1: Ball 3-1: Base on Balls |
Batting: RHB Danny Baeza |
0-0: Foul Ball, location: 2F 0-1: Called Strike 0-2: Fly out, F5 (Popup, 25F, EV 82.5 MPH) |
Top of the 7th over - 0 runs, 0 hits, 0 errors, 1 left on base; Frederick 4 - Lake Elsinore 2 |
BOTTOM OF THE 7TH | |
---|---|
Lake Elsinore Storm batting - Pitching for Frederick Keys : LHP Luis Perez | |
Batting: SHB Isaiah Scates |
0-0: Ball 1-0: Called Strike 1-1: Called Strike 1-2: Fly out, F8 (Flyball, 8RM, EV 80.6 MPH) |
Batting: LHB Hugo MacBeth |
0-0: Called Strike 0-1: Ball 1-1: Ball 2-1: Foul Ball, location: 2F 2-2: Foul Ball, location: 2F 2-2: Strikes out swinging |
Batting: RHB Max Stillo |
0-0: Ball 1-0: Ball 2-0: Ball 3-0: Base on Balls |
Batting: LHB Conor Barron |
0-0: Ball 1-0: Swinging Strike 1-1: Ball 2-1: Ball 3-1: Foul Ball, location: 2F 3-2: Strikes out swinging |
Bottom of the 7th over - 0 runs, 0 hits, 0 errors, 1 left on base; Frederick 4 - Lake Elsinore 2 |
TOP OF THE 8TH | |
---|---|
Frederick Keys batting - Pitching for Lake Elsinore Storm : LHP Manny Santiago | |
Batting: LHB Eric Jackson |
0-0: Ball 1-0: Foul Ball, location: 2F 1-1: Called Strike 1-2: Ball 2-2: Strikes out swinging |
Batting: RHB Jeremy Sipe |
0-0: Foul Ball, location: 2F 0-1: Ball 1-1: Called Strike 1-2: Ball 2-2: Foul Ball, location: 2F 2-2: Foul Ball, location: 2F 2-2: Ball 3-2: Foul Ball, location: 2F 3-2: Base on Balls |
Pitching: RHP Colin Dorsey | |
Batting: SHB Jorge Brito |
0-0: Called Strike Jeremy Sipe steals 2nd, throwing error, E2 Jeremy Sipe to third 0-1: Foul Ball, location: 2F 0-2: Ball 1-2: Ball 2-2: Ball 3-2: Strikes out looking |
Batting: LHB Tomas de Zeeuw | 0-0: Intentional Walk |
Batting: RHB Antonio Gamez |
0-0: Called Strike 0-1: Reached on error, E4 (Groundball, 4M, EV 98.8 MPH) Jeremy Sipe scores Tomas de Zeeuw to second |
Batting: SHB Jared Boyce |
0-0: Called Strike 0-1: Fly out, F8 (Flyball, 8RXD, EV 88.1 MPH) |
Top of the 8th over - 1 run, 0 hits, 2 errors, 2 left on base; Frederick 5 - Lake Elsinore 2 |
BOTTOM OF THE 8TH | |
---|---|
Lake Elsinore Storm batting - Pitching for Frederick Keys : LHP Luis Perez | |
Batting: RHB Dave McBain |
0-0: Ball 1-0: Ball 2-0: Ball 3-0: Base on Balls |
Pitching: LHP Randall Rennie | |
Batting: SHB Yutaro Takahashi | 0-0: Fielders Choice at 2nd, 3-6 (Groundball, 34S, EV 79.4 MPH) |
Batting: RHB Bryan Pitcher |
0-0: Ball 1-0: Ball Wild Pitch! Yutaro Takahashi to second 2-0: Swinging Strike 2-1: Foul Ball, location: 2F 2-2: Ball 3-2: Base on Balls |
Batting: LHB Carlos Cuellar |
0-0: Ball 1-0: Fly out, F7 (Flyball, 7, EV 95.6 MPH) |
Batting: RHB Brian DeVoe |
0-0: Ball 1-0: Ball 2-0: Called Strike 2-1: Ball 3-1: Base on Balls Yutaro Takahashi to third Bryan Pitcher to second |
Batting: SHB Isaiah Scates |
0-0: Foul Ball, location: 2F 0-1: Swinging Strike 0-2: Foul Ball, location: 2F 0-2: Ball 1-2: Strikes out swinging |
Bottom of the 8th over - 0 runs, 0 hits, 0 errors, 3 left on base; Frederick 5 - Lake Elsinore 2 |
TOP OF THE 9TH | |
---|---|
Frederick Keys batting - Pitching for Lake Elsinore Storm : RHP Colin Dorsey | |
Batting: LHB Justin Moore |
0-0: Foul Ball, location: 2F 0-1: Called Strike 0-2: Ball 1-2: Foul Ball, location: 2F 1-2: Ball 2-2: Foul Ball, location: 2F 2-2: Ball 3-2: Strikes out looking |
Batting: LHB Shane Free | 0-0: Ground out 5-3 (Groundball, 56S, EV 76.2 MPH) |
Batting: RHB Danny Baeza |
0-0: Called Strike 0-1: Called Strike 0-2: Ball 1-2: Strikes out swinging |
Top of the 9th over - 0 runs, 0 hits, 0 errors, 0 left on base; Frederick 5 - Lake Elsinore 2 |
BOTTOM OF THE 9TH | |
---|---|
Lake Elsinore Storm batting - Pitching for Frederick Keys : LHP Randall Rennie | |
Pitching: RHP Chris Kimura | |
Batting: LHB Hugo MacBeth |
0-0: Ball 1-0: Foul Ball, location: 2F 1-1: Ball 2-1: Swinging Strike 2-2: Ball 3-2: Base on Balls |
Pinch Hitting: LHB Rogelio Nunez |
0-0: Foul Ball, location: 2F 0-1: Grounds out, U3 (Groundball, 3L, EV 103.8 MPH) |
Batting: LHB Conor Barron |
0-0: Foul Ball, location: 2F 0-1: Ball 1-1: Foul Ball, location: 2F 1-2: Foul Ball, location: 2F 1-2: Ball 2-2: Ball 3-2: Fly out, F8 (Flyball, 78D, EV 104.4 MPH) |
Batting: RHB Dave McBain |
0-0: Ball 1-0: Ball 2-0: Ball 3-0: Base on Balls |
Batting: SHB Yutaro Takahashi |
0-0: Swinging Strike 0-1: Foul Ball, location: 2F 0-2: Foul Ball, location: 2F 0-2: Ball 1-2: Strikes out swinging |
Bottom of the 9th over - 0 runs, 0 hits, 0 errors, 2 left on base; Frederick 5 - Lake Elsinore 2 |
Tuesday, September 13th , 2022 - OOTP Baseball 23.7 Build 88 |